 Seeded DCSS version 0.31-a0-149-g3fdcc5976a (webtiles) character file.

Game seed: 13756538122855080540 (custom seed)

1932 Pimp the Blocker (level 9, -1/62 HPs)
             Began as a Hill Orc Fire Elementalist on June 7, 2023.
             Was a Follower of Cheibriados.
             Slain by Pikel
             ... wielding a +2 whip of freezing
              (3 damage)
             ... on level 7 of the Dungeon.
             The game lasted 00:18:03 (7211 turns).

Pimp the Blocker (Hill Orc Fire Elementalist)       Turns: 7211, Time: 00:18:05

Health: -1/62      AC:  7    Str: 13    XL:     9   Next: 17%
Magic:  12/12      EV: 10    Int: 21    God:    Cheibriados [*.....]
Gold:   336        SH: 12    Dex: 13    Spells: 6/12 levels left

rFire   + + .        m - +7 broad axe of Pestilence {venom, *Slow rElec rPois}
rCold   . . .        j - +1 kite shield {rF+}
rNeg    . . .        g - +0 leather armour {rF+}
rPois   +            s - +0 helmet
rElec   +            b - +0 cloak
rCorr   .            p - +1 pair of gloves
SInv    .            (no boots)
Will    +....        i - amulet of magic regeneration
Stlth   ++           (no ring)
HPRegen 0.30/turn    (no ring)
MPRegen 0.53/turn

%: slow self (1%)
@: enlightened, flying, very slightly contaminated, very slow
A: no striking features
a: Renounce Religion, Bend Time


You were on level 7 of the Dungeon.
You worshipped Cheibriados.
Cheibriados was aware of your devotion.
You visited 2 branches of the dungeon, and saw 8 of its levels.
You also visited: Sewer.

You collected 336 gold pieces.

Inventory:

Hand Weapons
 m - the +7 broad axe of Pestilence (weapon) {venom, *Slow rElec rPois}
   (You acquired it on level 1 of the Dungeon)

   rElec:     It insulates you from electricity.
   rPois:     It protects you from poison.
   *Slow:     It may slow you when you take damage.
 q - a +0 war axe
Armour
 a - a +0 robe
 b - a +0 cloak (worn)
 c - a +0 leather armour
 f - an orb of guile
 g - a +0 leather armour of fire resistance (worn)
 j - a +1 kite shield of fire resistance (worn)
 p - a +1 pair of gloves (worn)
 r - +0 fire dragon scales
 s - a +0 helmet (worn)
Jewellery
 i - an amulet of magic regeneration (around neck)
 B - an amulet of regeneration
 C - an amulet of faith
Wands
 v - a wand of flame (15)
 z - a wand of light (8)
Scrolls
 k - a scroll of teleportation
 u - 2 scrolls of enchant weapon {unknown}
 w - 6 scrolls of identify {unknown}
 x - a scroll of enchant armour
 y - a scroll of summoning {unknown}
 D - a scroll of fog {unknown}
 E - a scroll of magic mapping {unknown}
Potions
 d - 3 potions of enlightenment
 e - 2 potions of curing {unknown}
 h - 3 potions of haste {unknown}
 l - 4 potions of magic
 n - 2 potions of resistance {unknown}
 o - a potion of cancellation {unknown}
 t - a potion of mutation {unknown}
 A - a potion of heal wounds {unknown}


   Skills:
 - Level 5.0 Axes
 - Level 2.5 Dodging
 - Level 2.6 Stealth
 * Level 10.3 Shields
 - Level 2.3 Spellcasting
 - Level 2.4 Conjurations
 - Level 4.2 Fire Magic


You had 6 spell levels left.
You knew the following spells:

 Your Spells              Type           Power      Damage    Failure   Level
a - Foxfire               Conj/Fire      64%        2x1d7     12%         1
b - Scorch                Fire           40%        2d7       12%         2
c - Stone Arrow           Conj/Erth      14%        3d7       63%         3

Your spell library contained the following spells:

 Spells                   Type           Power      Damage    Failure   Level
 Momentum Strike          Conj/Tloc      14%        3d8       38%         2
 Sandblast                Erth           4%         2d4       41%         1
 Inner Flame              Hex/Fire       11%        N/A       50%         3
 Volatile Blastmotes      Fire/Tloc      22%        2d11      50%         3
 Blink                    Tloc           4%         N/A       54%         2
 Lesser Beckoning         Tloc           4%         N/A       54%         2
 Passwall                 Tmut/Erth      1%         N/A       54%         2
 Flame Wave               Conj/Fire      16%        2d7       75%         4
 Vhi's Electric Charge    Tloc/Air       4%         N/A       78%         3
 Arcjolt                  Conj/Air       3%         1d13      100%        5
 Plasma Beam              Fire/Air       5%         2x1d16    100%        6


Dungeon Overview and Level Annotations

Branches:
Dungeon (7/15)             Temple (1/1) D:6           Sewer (visited)

Altars:
Ashenzari
Cheibriados
Dithmenos
Elyvilon
Fedhas
Gozag
Hepliaklqana
Makhleb
Nemelex Xobeh
Okawaru
Qazlal
Ru
Sif Muna
Trog
Uskayaw
Vehumet
Wu Jian
Xom
Yredelemnul
Zin
The Shining One

Annotations:
D:7 Pikel


Message History

Pikel is moderately wounded.
Pikel hits you with a +2 whip of freezing.
Pikel freezes you.
You barely miss Pikel.
Pikel is moderately wounded.
You block Pikel's attack.
Pikel hits you with a +2 whip of freezing.
Pikel freezes you.
You slash Pikel!
Pikel is poisoned.
Pikel is heavily wounded.
Pikel hits you with a +2 whip of freezing!
Pikel freezes you.
You slash Pikel!
Pikel is heavily wounded.
Pikel hits you with a +2 whip of freezing!
Pikel freezes you. You block Pikel's attack.
You barely miss Pikel.
Pikel is severely wounded.
You block Pikel's attack.
Pikel hits you with a +2 whip of freezing.
* * * LOW HITPOINT WARNING * * *
Pikel freezes you.
* * * LOW HITPOINT WARNING * * *
You are too injured to fight recklessly!
Casting: Foxfire (safe; 12% risk of failure)
Confirm with . or Enter, or press ? or * to list all spells.
You miscast Foxfire.
You are very lightly contaminated with residual magic.
Nothing appears to happen.
Pikel hits you with a +2 whip of freezing.
* * * LOW HITPOINT WARNING * * *
Pikel freezes you.
* * * LOW HITPOINT WARNING * * *
It was a potion of enlightenment.
You feel very buoyant.
You fly up into the air.
Pikel hits you with a +2 whip of freezing!
* * * LOW HITPOINT WARNING * * *
Pikel freezes you.
You die...

##########
#........#
#...@....#
#..K.....#
#<5......#
#..[........
55####.######
#.) .# ....
## ....#
.....


You could see Pikel (poisoned), 2 lemures and a white imp.

Vanquished Creatures
  Prince Ribbit (D:5)
  Sigmund (D:3)
  Pargi (Sewer)
  An ogre (D:5)
  An ice beast (D:5)
  2 black bears
  A lemure (D:7)
  Blork the orc (D:6)
  A bullfrog (D:4)
  2 scorpions (D:5)
  A hound (D:4)
  A quasit (D:6)
  A jelly (D:5)
  4 orc priests
  5 iguanas
  Ijyb (D:3)
  7 orc wizards
  10 adders
  3 gnolls (D:4)
  A river rat (D:3)
  4 shadow imps (D:6)
  5 white imps (D:6)
  6 ufetubi (D:6)
  3 dart slugs
  19 orcs
  9 ball pythons
  5 bats
  5 endoplasms
  6 giant cockroaches
  10 goblins
  6 hobgoblins
  4 jackals (D:2)
  2 quokkas (D:5)
  9 frilled lizards
  6 kobolds
  8 rats
153 creatures vanquished.

Vanquished Creatures (collateral kills)
  3 foxfires (D:6)
3 creatures vanquished.

Vanquished Creatures (others)
  513 foxfires
513 creatures vanquished.

Grand Total: 669 creatures vanquished

Notes
Turn   | Place    | Note
-------+----------+-------------------------------------------
     0 | D:1      | Pimp the Hill Orc Fire Elementalist began the quest for the
                  | Orb.
     0 | D:1      | Reached XP level 1. HP: 14/14 MP: 3/3
   279 | D:1      | Reached XP level 2. HP: 20/20 MP: 1/4
  1123 | D:2      | Reached XP level 3. HP: 26/26 MP: 1/5
  1327 | D:2      | Found a burning altar of Makhleb.
  1380 | D:2      | Found a faded altar of an unknown god.
  1533 | D:2      | Reached XP level 4. HP: 33/33 MP: 3/7
  2178 | D:3      | Found a glowing drain.
  2191 | Sewer    | Entered a sewer
  2235 | Sewer    | Learned a level 2 spell: Scorch
  2250 | Sewer    | Noticed Pargi
  2256 | Sewer    | Killed Pargi
  2257 | Sewer    | Reached XP level 5. HP: 33/38 MP: 3/8
  2369 | D:3      | Noticed Sigmund
  2378 | D:3      | Killed Sigmund
  2379 | D:3      | Reached XP level 6. HP: 35/45 MP: 5/9
  2528 | D:3      | Found a shimmering altar of Xom.
  2545 | D:3      | Noticed Ijyb
  2551 | D:3      | Killed Ijyb
  2552 | D:3      | Reached skill level 5 in Axes
  3294 | D:1      | Identified 2 scrolls of acquirement
  3294 | D:1      | Acquired a +1 kite shield of fire resistance
  3296 | D:1      | Acquired the +7 broad axe of Pestilence {venom, *Slow rElec
                  | rPois}
  3558 | D:4      | Reached skill level 1 in Shields
  3568 | D:4      | Reached XP level 7. HP: 44/50 MP: 10/10
  3616 | D:4      | Reached skill level 2 in Shields
  3853 | D:4      | Reached skill level 3 in Shields
  3896 | D:4      | Found an ornate altar of the Wu Jian Council.
  4261 | D:4      | Reached skill level 4 in Shields
  4407 | D:4      | Found a blossoming altar of Fedhas.
  4418 | D:4      | Reached skill level 5 in Shields
  4779 | D:5      | Entered Level 5 of the Dungeon
  4942 | D:5      | Reached XP level 8. HP: 52/57 MP: 11/11
  4973 | D:5      | Reached skill level 6 in Shields
  4994 | D:5      | Reached skill level 7 in Shields
  5615 | D:5      | Reached skill level 8 in Shields
  5901 | D:5      | Noticed Prince Ribbit
  5917 | D:5      | Killed Prince Ribbit
  5918 | D:5      | Reached skill level 9 in Shields
  6273 | D:6      | Learned a level 3 spell: Stone Arrow
  6333 | D:6      | Found a staircase to the Ecumenical Temple.
  6387 | Temple   | Entered the Ecumenical Temple
  6485 | Temple   | Became a worshipper of Cheibriados the Contemplative
  6592 | D:6      | Reached XP level 9. HP: 45/62 MP: 12/12
  6745 | D:6      | Noticed Blork the orc
  6754 | D:6      | Killed Blork the orc
  6755 | D:6      | Reached skill level 10 in Shields
  6916 | D:6      | Reached * piety under Cheibriados
  7195 | D:7      | Noticed Pikel
  7211 | D:7      | HP: 2/62 [Pikel/+2 whip of freezing (9)]
  7211 | D:7      | Slain by Pikel

Illustrated notes

Levels and vault maps discovered:
D:1:      scummos_arrival_star, layout_basic
D:2:      layout_basic, basic_altar, basic_ecumenical_altar, grunt_decor_cap
D:3:      layout_basic, mainiacjoe_overflow_alcove_1, portal_sewer_entry_b,
          minmay_close_crescents, uniq_ijyb, uniq_sigmund
D:4:      layout_loops_corners, mainiacjoe_overflow_paths,
          nicolae_wu_jian_glorious_leap, kennysheep_flooded_box,
          guppyfry_early_lair_pool
D:5:      layout_layer_cave, nicolae_eternal_life, uniq_prince_ribbit1
D:6:      layout_cave_pools, minmay_temple_entry_water_ring, serial_demonic,
          serial_demonic_e, serial_demonic_g, serial_demonic_g,
          serial_demonic_d, serial_demonic_d, serial_demonic_f,
          serial_demonic_a, serial_demonic_a, minmay_lizard_king,
          uniq_blork_the_orc
D:7:      hangedman_cross_stitches, layout_rooms, demons_altar, minivault_27,
          uniq_joseph, uniq_pikel
Temple:   minmay_temple_bridge_d

Skill      XL: |  1  2  3  4  5  6  7  8  9 |
---------------+----------------------------+-----
Stealth        | 2 |  2.6
Dodging        | 2 |  2.5
Spellcasting   | 2 |  2.3
Conjurations   | 2 |  2.4
Fire Magic     | 4 |  4.2
Axes           | 4 5 |  5.0
Shields        | 1 5 9 10 | 10.3

Action                     |  1- 3 |  4- 6 |  7- 9 || total
---------------------------+-------+-------+-------++-------
  Melee: Unarmed           |     7 |     5 |       ||    12
         War axe           |       |     4 |       ||     4
         Broad axe         |       |     3 |    90 ||    93
         Punch             |       |       |     1 ||     1
   Cast: Foxfire           |    80 |    76 |   170 ||   326
         Scorch            |       |     7 |     2 ||     9
    Use: Potion            |     1 |       |     1 ||     2
         Scroll            |       |     6 |       ||     6
 Armour: Leather armour    |    13 |    17 |    46 ||    76
         Robe              |     1 |       |       ||     1
  Dodge: Dodged            |    30 |    29 |    51 ||   110
  Block: Kite shield       |       |       |    30 ||    30

Table legend: (Time is in decaauts)
 A = Elapsed time spent in this place.
 B = Non-inter-level travel time spent in this place.
 C = Inter-level travel time spent in this place.
 D = Time resting spent in this place.
 E = Time spent auto-exploring this place.
 F = Levels seen in this place.
 G = Mean time per level.
                   A        B        C        D        E       F      G
               +--------+--------+--------+--------+--------+-----+--------+
         Total |   7437 |   6435 |   1002 |    199 |   4821 |   9 |  826.3 |
       Dungeon |   7142 |   6270 |    872 |    199 |   4730 |   7 | 1020.3 |
        Temple |    191 |     62 |    129 |      0 |     57 |   1 |  191.0 |
         Sewer |    104 |    104 |      0 |      0 |     33 |   1 |  104.0 |
               +--------+--------+--------+--------+--------+-----+--------+

Top non-repeatable levels by time:
     D:5: 1484 daAuts
     D:1: 1383 daAuts
     D:4: 1328 daAuts
     D:3: 1006 daAuts
     D:2: 989 daAuts
     D:6: 924 daAuts
  Temple: 191 daAuts
   Sewer: 104 daAuts
     D:7: 25 daAuts
